 Dungeon Crawl Stone Soup version 0.24-a0-280-g7cec4da (webtiles) character file.

Game seed: 7226668499478864478

17901 robertstho the Severer (level 12, -6/106 HPs)
             Began as a Minotaur Fighter on May 1, 2019.
             Was an Elder of the Shining One.
             Mangled by a two-headed ogre
             ... wielding a +0 giant spiked club
              (14 damage)
             ... on level 10 of the Dungeon.
             The game lasted 00:21:54 (10753 turns).

robertstho the Severer (Minotaur Fighter)          Turns: 10753, Time: 00:21:54

Health: -6/106     AC: 16    Str: 24    XL:     12   Next: 23%
Magic:  16/16      EV:  9    Int:  5    God:    the Shining One [****..]
Gold:   540        SH:  0    Dex: 12    Spells: 11/11 levels left

rFire    . . .     SeeInvis .   y - +2 battleaxe (elec)
rCold    . . .     Gourm    .   (shield currently unavailable)
rNeg     + + .     Faith    .   r - +0 plate armour
rPois    +         Spirit   .   (helmet restricted)
rElec    .         Reflect  .   (no cloak)
rCorr    .         Harm     .   B - +0 pair of gloves
MR       .....                  (no boots)
Stlth    ..........             (no amulet)
HPRegen  0.27/turn              l - ring of flight
MPRegen  0.15/turn              m - ring of poison resistance

@: hasted, glowing, very quick
A: retaliatory headbutt, horns 2
a: Divine Shield, Cleansing Flame, Renounce Religion, Evoke Flight


You were on level 10 of the Dungeon.
You worshipped the Shining One.
The Shining One was greatly pleased with you.
You were not hungry.

You visited 2 branches of the dungeon, and saw 12 of its levels.
You also visited: Sewer.

You collected 806 gold pieces.
You spent 266 gold pieces at shops.

Inventory:

Hand Weapons
 a - a +0 war axe
 i - the +8 spear of Tortfeasance {pierce, rF+ Dex+2}
   (You took it off a tengu conjurer on level 10 of the Dungeon)

   It inflicts extra damage upon your enemies.
   It affects your dexterity (+2).
   It protects you from fire.
 s - the +8 whip "Beetlebane" {pain, Int+4 Dex+4, unknown}
   (You found it on level 6 of the Dungeon)

   In the hands of one skilled in necromantic magic, it inflicts extra damage on
   living creatures.
   It affects your intelligence (+4).
   It affects your dexterity (+4).
   The Shining One disapproves of the use of such an item.
 u - a cursed -2 hand axe
 y - a +2 battleaxe of electrocution (weapon)
Armour
 d - a +3 shield of reflection
 r - a +0 plate armour (worn)
 B - a +0 pair of gloves (worn)
Jewellery
 b - an uncursed ring of ice
 l - a ring of flight (left hand)
 m - a ring of poison resistance (right hand)
 n - a cursed ring of attention {unknown}
 w - an uncursed ring of see invisible
 G - an uncursed ring of positive energy {unknown}
Wands
 g - a wand of digging (9)
 j - a wand of acid (10)
 A - a wand of disintegration (8)
Scrolls
 c - 2 scrolls of magic mapping
 e - 2 scrolls of enchant armour
 h - a scroll of brand weapon {unknown}
 k - 5 scrolls of remove curse
 o - 3 scrolls of fog
 t - 2 scrolls of teleportation
 C - 2 scrolls of immolation
 F - 2 scrolls of identify
Potions
 p - 3 potions of magic
 q - a potion of mutation
 v - a potion of brilliance
 D - a potion of curing
Comestibles
 f - 16 rations


   Skills:
 + Level 9.7 Fighting
 + Level 15.1 Axes
 + Level 10.4 Armour
 + Level 3.3 Dodging
 + Level 0.1 Stealth
 + Level 9.4 Shields
 * Level 7.1 Invocations


You had 11 spell levels left.
You didn't know any spells.
Your spell library contained the following spells:

 Spells                   Type           Power        Failure   Level  Hunger
 Animate Skeleton         Necr           N/A          99%         1    ##.....
 Corona                   Hex            #......      99%         1    ##.....
 Pain                     Necr           #...         99%         1    ##.....
 Ensorcelled Hibernation  Hex/Ice        #.....       100%        2    ###....
 Confuse                  Hex            #.......     100%        3    ####...
 Dazzling Spray           Conj/Hex       #.....       100%        3    ####...
 Regeneration             Chrm/Necr      #.........   100%        3    ####...
 Tukima's Dance           Hex            #.......     100%        3    ####...
 Vampiric Draining        Necr           #.........   100%        3    ####...
 Animate Dead             Necr           N/A          100%        4    #####..


Dungeon Overview and Level Annotations

Branches:
Dungeon (11/15)            Temple (1/1) D:7
   Lair: D:8-11         Orc: D:9-12

Altars:
Ashenzari
Cheibriados
Dithmenos
Elyvilon
Fedhas
Gozag
Hepliaklqana
Kikubaaqudgha
Makhleb
Nemelex Xobeh
Okawaru
Qazlal
Ru
Sif Muna
Trog
Uskayaw
Vehumet
Wu Jian
Xom
Yredelemnul
Zin
The Shining One

Shops:
D:9 *

Annotations:
D:9 2 transporters, CanOfBees's ghost, novice DsGl
D:10 2 runed translucent doors


Innate Abilities, Weirdness & Mutations

You reflexively headbutt those who attack you in melee.
You have a pair of horns on your head.


Message History

The two-headed ogre hits you with a +0 giant spiked club!
The two-headed ogre barely misses you.
You climb upwards.
Level annotation: 2 runed translucent doors
There is a stone staircase leading down here.
Okay, then.
You feel yourself speed up. The troll bites you but does no damage.
The troll claws you but does no damage. The troll barely misses you.
The two-headed ogre hits you with a +0 giant spiked club!
* * * LOW HITPOINT WARNING * * *
The two-headed ogre barely misses you. The troll closely misses you.
You furiously retaliate!
You headbutt the troll. The troll claws you but does no damage.
The troll claws you!
* * * LOW HITPOINT WARNING * * *
The troll bites you!
* * * LOW HITPOINT WARNING * * *
The troll barely misses you. The troll claws you.
* * * LOW HITPOINT WARNING * * *
The two-headed ogre hits you with a +0 giant spiked club!
You die...

## .# .# .####
######### .)..####
#.......# ......<#
##.......#
.......####....T...#
.......'........>###
#......####....O@#
#.#.......###....#
......###.###....#
#.....###....(.#.#
........'......#.#
.......##......#.###
.......##..........####
.......##..)..........#
..##....#....(......#.#


You could see a two-headed ogre and a troll.

Vanquished Creatures
  2 ogre magi (D:10)
  A centaur warrior (D:10)
  5 two-headed ogres
  A skeletal warrior (D:10)
  The ghost of Sedgwick the Carver, a novice HuGl of Ru (D:7)
  A deep elf mage (D:10)
  A wolf spider (D:10)
  A tengu conjurer (D:10)
  A hornet (D:9)
  A troll (D:9)
  Grinder (D:5)
  2 hippogriffs
  8 yaks (D:9)
  A wraith (D:10)
  Grum (D:10)
  Menkaure (D:7)
  3 hungry ghosts
  A water moccasin (D:7)
  4 sky beasts
  2 eyes of draining
  4 orc warriors
  4 ice beasts
  3 phantoms
  15 ogres
  2 wolves (D:10)
  5 centaurs
  A crocodile (D:7)
  6 big kobolds (Sewer)
  11 bullfrogs
  A water moccasin skeleton (D:8)
  3 scorpions
  14 killer bees
  4 wights
  4 crimson imps
  4 bullfrog zombies
  A quasit (D:9)
  5 hounds
  4 jellies
  A centaur skeleton (D:5)
  7 orc priests
  16 orc wizards
  4 iguanas
  8 worker ants
  A killer bee zombie (D:5)
  2 howler monkey zombies
  3 worker ant zombies
  A howler monkey skeleton (D:10)
  11 adders
  A river rat (Sewer)
  4 oozes
  4 worms
  3 adder skeletons
  3 adder zombies
  A dart slug (D:1)
  5 leopard geckos
  42 orcs
  7 bats
  9 giant cockroaches
  3 goblins
  8 hobgoblins
  13 jackals
  11 kobolds
  5 quokkas
  7 ball pythons
  4 frilled lizards
  A leopard gecko skeleton (D:8)
  A leopard gecko zombie (D:8)
  13 rats
329 creatures vanquished.

Vanquished Creatures (others)
  A centaur (D:6)
  An orc (D:7)
2 creatures vanquished.

Grand Total: 331 creatures vanquished

Notes
Turn   | Place    | Note
-------+----------+-------------------------------------------
     0 | D:1      | robertstho the Minotaur Fighter began the quest for the
                  | Orb.
     0 | D:1      | Reached XP level 1. HP: 19/19 MP: 0/0
    34 | D:1      | Reached XP level 2. HP: 18/27 MP: 1/1
   261 | D:1      | Reached XP level 3. HP: 32/33 MP: 2/2
   268 | D:1      | Reached skill level 3 in Axes
  1568 | D:3      | Found a bloodstained altar of Trog.
  1697 | D:3      | Reached XP level 4. HP: 32/40 MP: 3/3
  1701 | D:3      | Reached skill level 4 in Axes
  1925 | D:3      | Reached XP level 5. HP: 38/47 MP: 4/4
  2210 | D:3      | Noticed a water elemental
  2211 | D:3      | Found a stormy altar of Qazlal.
  2213 | D:3      | Noticed a fire elemental
  2214 | D:3      | Noticed an air elemental
  2426 | D:4      | Reached skill level 5 in Armour
  2639 | D:4      | Reached skill level 5 in Axes
  2640 | D:4      | Reached XP level 6. HP: 53/53 MP: 5/5
  2800 | D:4      | Found a glowing drain.
  2821 | Sewer    | Entered a sewer
  3100 | Sewer    | Reached skill level 1 in Dodging
  3121 | Sewer    | Reached skill level 5 in Shields
  3128 | Sewer    | Reached skill level 6 in Axes
  3128 | Sewer    | Reached XP level 7. HP: 51/60 MP: 6/6
  3169 | Sewer    | Reached skill level 5 in Fighting
  3497 | D:5      | Entered Level 5 of the Dungeon
  3515 | D:5      | Reached skill level 7 in Axes
  3541 | D:5      | Reached XP level 8. HP: 32/69 MP: 7/7
  3818 | D:5      | You fall through a shaft for 2 floors!
  3822 | D:7      | Reached skill level 8 in Axes
  3926 | D:7      | Found a staircase to the Ecumenical Temple.
  3926 | D:7      | Noticed a hippogriff
  3935 | D:7      | Reached skill level 9 in Axes
  3975 | D:7      | Reached XP level 9. HP: 22/75 MP: 8/8
  3976 | D:7      | Noticed Menkaure
  4306 | D:7      | Found a runed translucent gate.
  4306 | D:7      | Found a runed translucent gate.
  4306 | D:7      | Found a runed translucent gate.
  4319 | D:7      | Found an opulent altar of Gozag.
  4326 | D:7      | Noticed Sedgwick's ghost (novice HuGl)
  4426 | D:7      | Found Zin's Purification Station.
  4428 | D:7      | Found a glowing silver altar of Zin.
  4431 | D:7      | Bought a potion of curing for 90 gold pieces
  4769 | D:7      | Killed Menkaure
  4836 | Temple   | Entered the Ecumenical Temple
  5087 | Temple   | Became a worshipper of the Shining One
  5145 | D:7      | Found a blossoming altar of Fedhas.
  5160 | D:7      | Reached skill level 10 in Axes
  5169 | D:7      | Reached skill level 1 in Invocations
  5651 | D:7      | Killed Sedgwick's ghost
  5727 | D:6      | Got a twisted whip
  5738 | D:6      | Reached * piety under the Shining One
  5759 | D:7      | Reached XP level 10. HP: 9/86 MP: 10/10
  6091 | D:7      | Reached skill level 11 in Axes
  6615 | D:6      | Found an opulent altar of Gozag.
  6946 | D:5      | Found a snail-covered altar of Cheibriados.
  7027 | D:5      | Reached ** piety under the Shining One
  7179 | D:5      | Noticed Grinder
  7180 | D:5      | Killed Grinder
  7593 | D:8      | Reached skill level 12 in Axes
  7639 | D:8      | Found an ancient bone altar of Kikubaaqudgha.
  7904 | D:8      | Noticed a two-headed ogre
  7910 | D:8      | Killed a two-headed ogre
  8044 | D:9      | Reached XP level 11. HP: 67/94 MP: 13/13
  8050 | D:9      | Reached skill level 13 in Axes
  8097 | D:9      | Reached *** piety under the Shining One
  8115 | D:9      | Reached skill level 5 in Invocations
  8139 | D:9      | Found Wycitruqa's Assorted Antiques.
  8147 | D:9      | Bought a potion of curing for 66 gold pieces
  8147 | D:9      | Bought a scroll of remove curse for 66 gold pieces
  8147 | D:9      | Bought a scroll labeled WYKODE NAFRI for 22 gold pieces
  8147 | D:9      | Bought a scroll labeled RIULIG UTRI for 22 gold pieces
  8159 | D:9      | Noticed CanOfBees's ghost (novice DsGl)
  8160 | D:9      | Noticed a deep elf archer
  8161 | D:9      | Found a transporter.
  8164 | D:9      | Found a transporter.
  8653 | D:9      | Found a deep blue altar of Sif Muna.
  8691 | D:10     | Entered Level 10 of the Dungeon
  8713 | D:10     | Noticed a two-headed ogre
  8984 | D:10     | Killed a two-headed ogre
  9078 | D:10     | Noticed Grum
  9084 | D:10     | Killed Grum
  9214 | D:10     | Noticed a two-headed ogre
  9222 | D:10     | Killed a two-headed ogre
  9222 | D:10     | Reached skill level 14 in Axes
  9272 | D:10     | Noticed a deep elf mage
  9280 | D:10     | Killed a deep elf mage
  9286 | D:10     | Reached **** piety under the Shining One
  9426 | D:10     | Identified the +8 spear of Tortfeasance {pierce, rF+ Dex+2}
  9481 | D:10     | Noticed an ogre mage
  9481 | D:10     | Noticed a wolf spider
  9488 | D:10     | HP: 2/97 [wolf spider (7)]
  9798 | D:10     | Noticed an ogre mage
  9799 | D:10     | Paralysed by an ogre mage for 7 turns
  9808 | D:10     | Killed an ogre mage
  9809 | D:10     | Killed a wolf spider
 10166 | D:10     | Found a runed translucent door.
 10179 | D:10     | Found a runed translucent door.
 10179 | D:10     | Noticed a rakshasa
 10258 | D:10     | Killed an ogre mage
 10258 | D:10     | Reached skill level 10 in Armour
 10305 | D:10     | Noticed a skeletal warrior
 10316 | D:10     | Killed a skeletal warrior
 10316 | D:10     | Reached XP level 12. HP: 80/105 MP: 16/16
 10401 | D:11     | Noticed a two-headed ogre
 10405 | D:11     | Noticed a two-headed ogre
 10408 | D:11     | Killed a two-headed ogre
 10408 | D:11     | Reached skill level 15 in Axes
 10413 | D:11     | Killed a two-headed ogre
 10416 | D:11     | Noticed a two-headed ogre
 10540 | D:10     | Noticed a centaur warrior
 10545 | D:10     | Killed a centaur warrior
 10753 | D:10     | Mangled by a two-headed ogre

Levels and vault maps discovered:
D:1:      wheals_arrival_shading, layout_loops_ring,
          hangedman_decor_clover_reticule, corner_web_ring
D:2:      layout_loops_corners, grunt_ministairs_3, minivault_23
D:3:      layout_loops_ring, bloody_trog, first_ration,
          nicolae_qazlal_style_of_elements
D:4:      layout_cave_pools, cheibrodos_sewer_entry_bend
D:5:      layout_loops_cross, lemuel_round_altar, uniq_grinder
D:6:      layout_cave_pools, grunt_gozag_breadcrumbs, kennysheep_generic_room_6
D:7:      layout_loops_ring, fedhas_altar_4, zin_purify,
          minmay_temple_entry_large_hall, ebering_ghost_gozag, grunt_ogre_cave,
          minivault_10, minmay_joined_circles, uniq_menkaure
D:8:      layout_loops_cross, kennysheep_mini
D:9:      layout_basic, old_standard_altar, serial_shops,
          nicolae_shop_overgrown_old_shop, gammafunk_ghost_arena
D:10:     minmay_the_grid_four_pointed_star_mashed
          [minmay_the_grid_triangle_9x9_zippers_vertical,
          minmay_the_grid_triangle_9x9_sparse_checkered,
          minmay_the_grid_triangle_9x9_corrupted_corridor,
          minmay_the_grid_triangle_9x9_tough_junction,
          minmay_the_grid_prize_four_corners_diamond_a], layout_basic,
          st_stairs_6, uniq_grum
D:11:     layout_long_grid, david_lair_generic, hiddenorc1_lemuel, serial_shops,
          nicolae_shop_waterfront, uniq_urug
Temple:   regret_index_temple_generic_petals

Skill      XL: |  1  2  3  4  5  6  7  8  9 10 11 12 |
---------------+-------------------------------------+-----
Armour         | 4 5 6 7 8 9 10 | 10.4
Fighting       | 4 5 6 7 8 9 |  9.7
Shields        | 4 5 7 8 9 |  9.4
Axes           | 3 4 5 6 7 9 10 12 14 15 | 15.1
Dodging        | 1 2 3 |  3.3
Invocations    | 2 4 6 7 |  7.1
Stealth        | |  0.1

Action                   |  1- 3 |  4- 6 |  7- 9 | 10-12 || total
-------------------------+-------+-------+-------+-------++-------
Melee: War axe           |    96 |   163 |   262 |    90 ||   611
       Headbutt          |    17 |    19 |    47 |    44 ||   127
       Battleaxe         |       |       |       |   243 ||   243
  Use: Potion            |       |     1 |    10 |     5 ||    16
       Scroll            |       |       |    15 |     5 ||    20
  Eat: Chunk             |     3 |     4 |     6 |    19 ||    32
       Ration            |       |       |     1 |       ||     1
Armor: Scale mail        |    31 |       |       |       ||    31
       Chain mail        |     5 |    85 |    56 |       ||   146
       Skin              |       |       |    19 |       ||    19
       Plate armour      |       |       |    23 |   173 ||   196
Dodge: Dodged            |    21 |    26 |    63 |   126 ||   236
Block: Shield            |    44 |    82 |   175 |    60 ||   361
       Reflection        |       |     5 |     5 |     8 ||    18

Table legend:
 A = Non-vault XP
 B = Vault XP
 C = Vault XP percentage of total XP
 D = Non-vault monster count
 E = Vault monster count
 F = Vault count percentage of total count
                 A         B        C        D         E       F
            +---------+---------+-------+---------+---------+-------
      Total |   16623 |    8950 |  35.0 |     268 |      63 |  19.0
            +---------+---------+-------+---------+---------+-------
        D:1 |      48 |       0 |   0.0 |      26 |       0 |   0.0
        D:2 |      40 |       1 |   2.4 |      15 |       1 |   6.2
        D:3 |     124 |       0 |   0.0 |      20 |       0 |   0.0
        D:4 |     179 |      10 |   5.3 |      11 |       2 |  15.4
        D:5 |    1014 |     281 |  21.7 |      29 |       1 |   3.3
        D:6 |    1412 |     102 |   6.7 |      37 |       2 |   5.1
        D:7 |    1806 |    2104 |  53.8 |      43 |      14 |  24.6
        D:8 |    2683 |       0 |   0.0 |      30 |       0 |   0.0
        D:9 |    3011 |       0 |   0.0 |      20 |       0 |   0.0
       D:10 |    4216 |    5770 |  57.8 |      32 |      15 |  31.9
       D:11 |    2090 |       0 |   0.0 |       5 |       0 |   0.0
      Sewer |       0 |     682 | 100.0 |       0 |      28 | 100.0
            +---------+---------+-------+---------+---------+-------
